 Dungeon Crawl Stone Soup version 0.28.0-53-g5a82cb258f (webtiles) character file.

Game seed: 18026749881573639733

3816 LynnLen the Covert (level 9, 0/56 (57) HPs)
             Began as a Vampire Enchanter on July 31, 2022.
             Was an Initiate of Yredelemnul.
             Shot with an arrow by a centaur warrior (11 damage)
             ... on level 9 of the Dungeon.
             The game lasted 00:34:07 (11272 turns).

LynnLen the Covert (Vampire Enchanter)             Turns: 11272, Time: 00:34:08

HP:   0/56 (57)     AC:  6    Str:  9    XL:     9   Next: 97%
MP:   12/12         EV: 16    Int: 17    God:    Yredelemnul [......]
Gold: 614           SH:  0    Dex: 17    Spells: 1/12 levels left

rFire   + . .      SeeInvis +   a - +6 dagger (protect)
rCold   + . .      Faith    .   D - orb {*channel}
rNeg    . . .      Spirit   .   m - +0 leather armour
rPois   .          Reflect  .   f - +2 hat
rElec   +          Harm     .   (no cloak)
rCorr   .          Rampage  .   n - +0 pair of gloves
Will    +....                   (no boots)
Stlth   ++++++....              (no amulet)
HPRegen 0.38/turn               k - ring of protection from fire
MPRegen 0.13/turn               z - ring "Juynusev" {+Blink rElec rC+ SInv}

@: about to teleport, healing quickly, lightly drained
A: alive, fangs 3, see invisible, vampiric 2, camouflage 1, strong-willed 1,
MP-powered wands, noise suppression
a: Exsanguinate, Renounce Religion, Evoke Blink, Recall Undead Harvest


You were on level 9 of the Dungeon.
You worshipped Yredelemnul.
Yredelemnul was noncommittal.
You visited 2 branches of the dungeon, and saw 10 of its levels.
You also visited: Sewer.

You collected 614 gold pieces.

Inventory:

Hand Weapons
 a - a +6 dagger of protection (weapon)
Missiles
 t - a curare-tipped dart
 u - 42 poisoned darts
Armour
 f - a +2 hat (worn)
 m - a +0 leather armour (worn)
 n - a +0 pair of gloves (worn)
 D - an orb of energy (worn)
Jewellery
 k - a ring of protection from fire (left hand)
 x - a ring of poison resistance
 z - the ring "Juynusev" (right hand) {+Blink rElec rC+ SInv}
   (You took it off an orc on level 4 of the Dungeon)

   [ring of see invisible]

   rC:        It protects you from cold.
   rElec:     It insulates you from electricity.
   SInv:      It lets you see invisible.
   +Blink:    It lets you blink.
Wands
 A - a wand of acid (7)
 E - a wand of digging (7)
 G - a wand of paralysis (6)
 H - a wand of flame (3)
Scrolls
 j - a scroll of blinking {unknown}
 o - a scroll of fog {unknown}
 p - 2 scrolls of teleportation
 q - 2 scrolls of brand weapon
 r - a scroll of amnesia {unknown}
 s - 2 scrolls of vulnerability
 y - a scroll of enchant armour {unknown}
 C - a scroll of holy word {unknown}
 F - a scroll of immolation
Potions
 b - a potion of ambrosia {unknown}
 c - a potion of invisibility
 d - a potion of heal wounds
 e - 2 potions of resistance
 g - 3 potions of might
 h - a potion of curing
 i - a potion of magic
 l - 4 potions of mutation
 v - a potion of brilliance
 w - 2 potions of flight
 B - 2 potions of attraction {unknown}


   Skills:
 * Level 10.0 Short Blades
 * Level 8.5 Dodging
 + Level 13.2 Stealth
 - Level 2.0 Spellcasting
 - Level 4.4 Hexes


You had one spell level left.
You knew the following spells:

 Your Spells              Type           Power      Damage    Failure   Level
a - Confusing Touch       Hex            16%        N/A       14%         3
b - Ensorcelled Hibernat  Hex/Ice        18%        N/A       17%         2
c - Tukima's Dance        Hex            16%        N/A       14%         3
d - Dazzling Flash        Conj/Hex       18%        N/A       32%         3

Your spell library contained the following spells:

 Spells                   Type           Power      Damage    Failure   Level
 Animate Skeleton         Necr           2%         N/A       26%         1
 Foxfire                  Conj/Fire      4%         2x1d4     26%         1
 Pain                     Necr           4%         1d4       26%         1
 Inner Flame              Hex/Fire       9%         N/A       32%         3
 Portal Projectile        Hex/Tloc       18%        N/A       32%         3
 Blink                    Tloc           2%         N/A       38%         2
 Call Canine Familiar     Summ           1%         N/A       63%         3
 Conjure Flame            Conj/Fire      1%         6-21      63%         3
 Vampiric Draining        Necr           1%         2d6       63%         3
 Leda's Liquefaction      Hex/Erth       4%         N/A       73%         4
 Flame Wave               Conj/Fire      1%         2d4       95%         4
 Silence                  Hex/Air        4%         N/A       97%         5
 Agony                    Necr           1%         N/A       100%        5
 Manifold Assault         Tloc           1%         N/A       100%        5
 Storm Form               Tmut/Air       0%         N/A       100%        7


Dungeon Overview and Level Annotations

Branches:
Dungeon (9/15)             Temple (1/1) D:5           Sewer (visited)
   Lair: D:8-11         Orc: D:9-12

Altars:
Ashenzari
Cheibriados
Elyvilon
Fedhas
Kikubaaqudgha
Makhleb
Qazlal
Sif Muna
Trog
Uskayaw
Vehumet
Xom
Yredelemnul
The Shining One


Innate Abilities, Weirdness & Mutations

Your natural rate of healing is accelerated.
You have razor-sharp teeth.
You have supernaturally acute eyesight. (SInv)
You are afflicted with vampirism and can become a bat while bloodless.
Your skin changes colour to match your surroundings (Stealth+).
You are strong-willed. (Will+)
You expend magic power (3 MP) to strengthen your wands.
You passively dampen the noise of your surroundings.


Message History

You are no longer poisoned.
You now have 529 gold pieces (gained 16).
Things that are here:
a +0 dagger; a stone HP restored.
You swap places.
You now have 582 gold pieces (gained 53).
Things that are here:
a +0 short sword; 5 stones; a +0 chain mail
Things that are here:
a +2 whip of venom; 2 stones; a +0 ring mail
Things that are here:
a +2 robe of the Archmagi; a +1 dagger of draining You now have 595 gold pieces (gained 13).
You see here 15 stones.
You now have 614 gold pieces (gained 19).
l - 4 potions of mutation (gained 1)
A cyclops, a manticore and a centaur warrior come into view.
The cyclops shouts!
You hear an angry buzzing noise.
A centaur warrior comes into view.
The centaur warrior shouts! x2
Your kobold zombie barely misses the centaur warrior.
The centaur warrior wields a +0 longbow.
The centaur warrior shoots an arrow.
The arrow hits you!!
As you read the scroll of teleportation, it crumbles to dust.
You feel strangely unstable.
The centaur warrior hits your kobold zombie.
The centaur warrior kicks your kobold zombie.
Your kobold zombie is destroyed!
The centaur warrior shoots an arrow.
The arrow closely misses you.
Your kobold zombie closely misses the centaur warrior.
The centaur warrior shoots an arrow.
The arrow hits you.
The centaur warrior shoots an arrow.
The arrow hits you!
* * * LOW HITPOINT WARNING * * *
Your kobold zombie closely misses the centaur warrior.
Found 19 gold pieces.
The centaur warrior wields a +0 shortbow.
The centaur warrior shoots an arrow.
The arrow hits you!
You die...
Yredelemnul claims you as an undead slave.

+......#..#
C.H... #.....
#......#..##c.c..
.##.#.#.
##+#......#Z...#
#......(
#.........#cc###
###.#.#.
#.........#..#
#...(.
#.....<...+..#
#.#.#.
+.........#..#
#.....
#.........#..#
#####.
#.....######.@#
...
#...o.#.......#
..#
#....o#.......#
K. #....
#.......# ..
#.o.. ##'###...
... ..$. ... ##.#
.. #.# #$#


You could see 2 centaur warriors and a friendly kobold zombie.

Vanquished Creatures
  A cyclops (D:7)
  A hornet (D:9)
  A steam dragon (D:8)
  A water moccasin (D:7)
  A black bear (D:4)
  An orc warrior (D:8)
  2 ice beasts
  2 ogres (D:5)
  A necrophage (D:5)
  2 centaurs (D:7)
  2 kobold brigands
  Blork the orc (D:5)
  5 bullfrogs
  A gnoll sergeant (D:8)
  3 scorpions
  2 wyvern skeletons
  8 wights
  2 howler monkeys (D:7)
  2 jellies
  A centaur zombie (D:7)
  A bullfrog zombie (D:6)
  2 hounds (D:6)
  A centaur skeleton (D:7)
  2 orc priests (D:4)
  Jessica (D:2)
  Natasha (thrice) (D:3)
  A bullfrog skeleton (D:6)
  An iguana (D:6)
  2 orc wizards
  A killer bee zombie (D:8)
  2 hound skeletons (D:4)
  3 gnolls (D:8)
  A howler monkey skeleton (D:7)
  A howler monkey zombie (D:9)
  12 adders
  A river rat (D:4)
  A shadow imp (D:7)
  A white imp (D:5)
  2 dart slugs
  6 worms
  14 orcs
  12 ball pythons
  9 endoplasms
  8 giant cockroaches
  9 goblins
  4 hobgoblins
  5 jackals (D:1)
  24 kobolds
  2 quokkas
  7 bats
  A frilled lizard (D:1)
  13 rats
  A butterfly (D:5)
194 creatures vanquished.

Vanquished Creatures (collateral kills)
  A bullfrog (D:8)
  A wight (D:6)
  A centaur skeleton (D:6)
  A white imp (D:5)
  A kobold (D:8)
5 creatures vanquished.

Vanquished Creatures (others)
  2 bullfrog zombies
  A hound zombie (D:6)
  A howler monkey zombie (D:7)
  A spectral jelly (D:6)
  An adder zombie (D:6)
  2 kobold zombies
  6 plants (D:3)
14 creatures vanquished.

Grand Total: 213 creatures vanquished

Notes
Turn   | Place    | Note
-------+----------+-------------------------------------------
     0 | D:1      | LynnLen the Vampire Enchanter began the quest for the Orb.
     0 | D:1      | Reached XP level 1. HP: 13/13 MP: 3/3
   328 | D:1      | Reached XP level 2. HP: 19/19 MP: 5/5
   458 | D:1      | Reached skill level 5 in Stealth
   787 | D:1      | Gained mutation: You are afflicted with vampirism and can
                  | become a bat while bloodless. [Vampire growth]
   787 | D:1      | Reached XP level 3. HP: 17/24 MP: 6/6
  1056 | D:1      | Learned a level 3 spell: Confusing Touch
  1059 | D:1      | Learned a level 2 spell: Ensorcelled Hibernation
  1578 | D:2      | Noticed Jessica
  1703 | D:2      | Killed Jessica
  1704 | D:2      | Reached XP level 4. HP: 30/30 MP: 3/7
  2468 | D:3      | Found a faded altar of an unknown god.
  2565 | D:3      | Reached XP level 5. HP: 35/35 MP: 8/8
  2582 | D:3      | Learned a level 3 spell: Tukima's Dance
  2702 | D:3      | Noticed Natasha
  2722 | D:3      | Killed Natasha
  2729 | D:3      | Noticed Natasha
  2754 | D:3      | Killed Natasha
  2755 | D:3      | Reached skill level 6 in Stealth
  3168 | D:4      | Found a glowing drain.
  3236 | Sewer    | Entered a sewer
  3452 | Sewer    | HP: 1/35 [kobold brigand/+0 club (3)]
  3494 | Sewer    | Reached XP level 6. HP: 31/41 MP: 3/9
  3882 | D:4      | Reached skill level 5 in Short Blades
  4219 | D:4      | Identified the ring "Juynusev" {+Blink rElec rC+ SInv}
  4552 | D:4      | Reached skill level 5 in Dodging
  4552 | D:4      | Reached XP level 7. HP: 42/46 MP: 5/10
  4907 | D:3      | Noticed Natasha
  4916 | D:3      | Killed Natasha
  5298 | D:4      | Gained mutation: You passively dampen the noise of your
                  | surroundings. [potion of mutation]
  5298 | D:4      | Gained mutation: You are strong-willed. (Will+) [potion of
                  | mutation]
  5298 | D:4      | Gained mutation: Your skin changes colour to match your
                  | surroundings (Stealth+). [potion of mutation]
  5298 | D:4      | Gained mutation: You expend magic power (3 MP) to
                  | strengthen your wands. [potion of mutation]
  5329 | D:5      | Entered Level 5 of the Dungeon
  5750 | D:5      | Found a shimmering altar of Xom.
  5789 | D:5      | Reached skill level 7 in Stealth
  6217 | D:5      | Found a staircase to the Ecumenical Temple.
  6252 | Temple   | Entered the Ecumenical Temple
  6405 | Temple   | Became a worshipper of Yredelemnul the Dark
  6454 | D:5      | Noticed Blork the orc
  6458 | D:5      | Killed Blork the orc
  6459 | D:5      | Reached skill level 8 in Stealth
  6537 | D:5      | Reached XP level 8. HP: 50/52 MP: 11/11
  6537 | D:5      | Reached * piety under Yredelemnul
  6655 | D:5      | Reached ** piety under Yredelemnul
  7154 | D:6      | Reached skill level 9 in Stealth
  7194 | D:6      | Learned a level 3 spell: Dazzling Flash
  7612 | D:6      | Reached skill level 10 in Stealth
  8176 | D:7      | Noticed a cyclops
  8183 | D:7      | Killed a cyclops
  8184 | D:7      | Reached skill level 11 in Stealth
  8184 | D:7      | Reached XP level 9. HP: 56/57 MP: 12/12
  8716 | D:7      | Reached skill level 12 in Stealth
 10852 | D:9      | Reached skill level 13 in Stealth
 10860 | D:9      | Reached skill level 10 in Short Blades
 11265 | D:9      | Noticed a cyclops
 11265 | D:9      | Noticed a manticore
 11265 | D:9      | Noticed a centaur warrior
 11266 | D:9      | Noticed a centaur warrior
 11272 | D:9      | Shot with an arrow by a centaur warrior

Illustrated notes

Levels and vault maps discovered:
D:1:      evilmike_arrival_hilbert_curve, layout_basic, minmay_hexomino_p4
D:2:      layout_rooms, minmay_misc_feat_square, uniq_jessica
D:3:      layout_basic, shapermc_ecumenical_altar_hornbeckon, uniq_natasha
D:4:      layout_loops_ring, portal_sewer_entry_a
D:5:      layout_basic, xom_butterflies, minmay_temple_entry_mini_moons,
          uniq_blork_the_orc
D:6:      layout_gridville
D:7:      layout_gridville
D:8:      layout_basic, serial_glass, glass_columns_a, glass_columns_a,
          minmay_strange_pillars, chequers_serial_rivers_room_b
D:9:      minmay_the_grid_net [minmay_the_grid_minigrid_small,
          minmay_the_grid_armoury, minmay_the_grid_small_cups,
          minmay_the_grid_dragon_b, minmay_the_grid_empty,
          minmay_the_grid_prize_big_room], layout_gridville,
          ebering_ghost_disaster_area, minmay_guarded_unrand_staff_of_olgreb
Temple:   dshaligram_water_room_temple

Skill      XL: |  1  2  3  4  5  6  7  8  9 |
---------------+----------------------------+-----
Stealth        | 5 6 8 11 13 | 13.2
Dodging        | 3 4 5 6 8 |  8.5
Short Blades   | 3 4 5 7 8 10 | 10.0
Spellcasting   | |  2.0
Hexes          | |  4.4

Action                   |  1- 3 |  4- 6 |  7- 9 || total
-------------------------+-------+-------+-------++-------
Melee: Dagger            |   212 |   357 |   434 ||  1003
       Bite              |    18 |    43 |    64 ||   125
       Punch             |     1 |     6 |     4 ||    11
 Cast: Ensorcelled Hiber |     6 |     3 |     1 ||    10
       Confusing Touch   |     1 |    12 |    12 ||    25
       Tukima's Dance    |       |       |     3 ||     3
  Use: Scroll            |     1 |     3 |    10 ||    14
       Potion            |     1 |     3 |     4 ||     8
 Stab: Sleeping          |     8 |     8 |    29 ||    45
       Confused          |       |     8 |    12 ||    20
       Distracted        |       |     1 |     3 ||     4
Armor: Robe              |    67 |    29 |       ||    96
       Leather armour    |       |    57 |   112 ||   169
Dodge: Dodged            |   174 |   161 |   230 ||   565
